AoeStats
← UncleMike2244

MegaRandom

509989209Analyzed
2v2 RM · 5d ago on Sep 28, 2026· 47m 33s· 4 players
Game mode
Random Map
Map size
Medium (4 player)
Population
200
Speed
Normal
Resources
Standard
Victory
Conquest
Starting age
Dark Age
Ending age
Imperial Age
RankedLock teamsTeams togetherTeam positionsShared explorationLock speedFull tech treeHidden civsTurbo modeCheats
Victory
Defeat
🇺🇸 Huns · United States
883
+18
🇺🇸 Maya · United States
735
+19
🇺🇸 Magyars · United States
820
-16
🇮🇩 Mongols · Indonesia
799
-16
dudy
3:36 Loom
11:04 Feudal Age
16:38 Castle Age
15:21 Double-Bit Axe
25:16 Horse Collar
27:34 Fletching
29:24 Wheelbarrow
28:35 Town Watch
35:43 Imperial Age
35:13 Scale Mail Armor
35:15 Gold Mining
35:16 Stone Mining
35:28 Heavy Plow
35:41 Bow Saw
36:32 Bloodlines
39:49 Hand Cart
39:35 Town Patrol
43:05 Husbandry
43:25 Chain Mail Armor
43:15 Scale Barding Armor
43:55 Corvinian Army
44:28 Conscription
47:24 Bodkin Arrow
47:29 Padded Archer Armor
Miyu.
10:32 Feudal Age
9:45 Loom
14:31 Forging
14:45 Fletching
14:39 Horse Collar
14:47 Double-Bit Axe
20:11 Castle Age
19:56 Gold Mining
19:58 Stone Mining
29:06 Bodkin Arrow
29:50 Iron Casting
29:12 Bodkin Arrow
31:07 Bow Saw
32:18 Padded Archer Armor
37:10 Husbandry
37:22 Bloodlines
38:40 Murder Holes
39:06 Ballistics
40:27 Scale Barding Armor
40:38 Leather Archer Armor
43:34 Heavy Plow
49:28 Imperial Age
UncleMike2244
0:28 Loom
11:23 Feudal Age
12:43 Wheelbarrow
12:20 Double-Bit Axe
12:47 Horse Collar
13:00 Arson
13:28 Gold Mining
17:30 Scale Mail Armor
17:43 Forging
24:23 Castle Age
24:31 Crossbowman
25:24 Eagle Warrior
28:56 Hand Cart
32:04 Stone Mining
34:32 Bow Saw
35:44 Padded Archer Armor
35:34 Fletching
36:07 Thumb Ring
37:07 Squires
37:41 Leather Archer Armor
37:22 Bodkin Arrow
41:27 Imperial Age
39:05 Pikeman
41:35 Arbalester
43:09 Chain Mail Armor
rocknrollperson3
11:25 Feudal Age
17:11 Castle Age
15:19 Horse Collar
17:27 Double-Bit Axe
18:49 Wheelbarrow
17:41 Pikeman
18:23 Squires
18:08 Arson
19:17 Heavy Plow
20:21 Bow Saw
21:21 Scale Barding Armor
21:16 Scale Mail Armor
24:41 Hand Cart
24:28 Gold Mining
26:11 Elite Skirmisher
26:57 Thumb Ring
30:33 Bloodlines
30:25 Husbandry
33:19 Chain Barding Armor
33:10 Forging
33:16 Chain Mail Armor
33:02 Padded Archer Armor
32:53 Fletching
34:08 Fletching
34:18 Padded Archer Armor
39:33 Ballistics
39:20 Murder Holes
43:40 Imperial Age
41:43 Bodkin Arrow
42:03 Leather Archer Armor
42:24 Iron Casting
45:07 Plate Barding Armor
45:35 Blast Furnace
44:36 Bracer
45:23 Parthian Tactics
44:51 Halberdier
46:23 Heavy Cavalry Archer
Connection lost

Rejoining the realm…

Still unreachable

The connection could not be restored.

Session expired

The server has moved on; the page needs a fresh start.